 Dungeon Crawl Stone Soup version 0.18.1-48-g4cf74bf (webtiles) character file.

11160 Inkary the Fighter (level 11, -14/76 HPs)
             Began as a Gargoyle Berserker on July 29, 2016.
             Was a Priest of Trog.
             Demolished by Snorg (17 damage)
             ... on level 11 of the Dungeon.
             The game lasted 00:30:45 (8371 turns).

Inkary the Fighter (Gargoyle Berserker)             Turns: 8371, Time: 00:30:47

Health: -14/76     AC: 21    Str: 23    XL:     11   Next: 73%
Magic:  11/11      EV: 10    Int:  8    God:    Trog [***...]
Gold:   785        SH:  0    Dex: 12    Spells: 0 memorised, 10 levels left

rFire  + + .     SeeInvis .     F - +0 battleaxe "Cash" {holy, rN++ Stlth-}
rCold  . . .     Gourm    .     w - +2 scale mail {rF+}
rNeg   + + +     Faith    .     (shield currently unavailable)
rPois  ∞         Spirit   .     t - +0 helmet
rElec  +         Dismiss  .     (no cloak)
rCorr  .         Reflect  .     J - +0 pair of gloves
SustAt .         Harm     .     (no boots)
MR     ++...                    (no amulet)
Stlth  ..........               n - ring of protection from fire
                                s - +2 ring of strength

@: exhausted, regenerating, very resistant to hostile enchantments, extremely
unstealthy
A: negative energy resistance 1, electricity resistance, unbreathing,
petrification resistance, rot immunity, AC +7
a: Berserk, Trog's Hand, Burn Spellbooks, Renounce Religion


You were on level 11 of the Dungeon.
You worshipped Trog.
Trog was most pleased with you.
You were not hungry.

You visited 1 branch of the dungeon, and saw 11 of its levels.

You collected 785 gold pieces.

Inventory:

Hand Weapons
 r - a +0 flail of protection
 F - the +0 battleaxe "Cash" (weapon) {holy, rN++ Stlth-}
   (You found it on level 8 of the Dungeon)

   It has been blessed by the Shining One to cause great damage to the undead
   and demons.
   It greatly protects you from negative energy.
   It makes you less stealthy.
Armour
 t - a +0 helmet (worn)
 w - a +2 scale mail of fire resistance (worn)
 J - a +0 pair of gloves (worn)
Rods
 q - a +0 rod of shadows (9/9)
   (You found it on level 8 of the Dungeon)
Jewellery
 n - a ring of protection from fire (right hand)
 s - a +2 ring of strength (left hand)
Wands
 o - a wand of iceblast (10/15)
 E - a wand of acid (5/15)
 K - a wand of slowing (20/48)
 N - a wand of polymorph (13/24)
Scrolls
 a - 2 scrolls of noise {unknown}
 g - 3 scrolls of random uselessness {unknown}
 i - 4 scrolls of enchant weapon {unknown}
 k - 6 scrolls of teleportation {unknown}
 p - 4 scrolls of recharging
 x - 2 scrolls of fog {unknown}
 y - a scroll of amnesia {unknown}
 z - 2 scrolls of blinking {unknown}
 G - a scroll of silence {unknown}
 H - a scroll of vulnerability {unknown}
 I - a scroll of remove curse
 L - a scroll of fear {unknown}
 M - 6 scrolls of identify
Potions
 d - a potion of ambrosia {unknown}
 e - 2 potions of haste
 h - 7 potions of curing
 j - 2 potions of beneficial mutation
 l - a potion of agility
 m - a potion of resistance
 u - 2 potions of might {unknown}
 v - 3 potions of heal wounds
 A - 2 potions of magic {unknown}
 B - 4 potions of lignification {unknown}
 C - a potion of cure mutation {unknown}
 D - 2 potions of berserk rage
 O - a potion of brilliance {unknown}
Comestibles
 b - 4 beef jerkies
 c - 6 bread rations
 f - 8 meat rations


   Skills:
 + Level 11.8 Fighting
 + Level 9.1(9.5) Axes
 - Level 4.5(7.9) Maces & Flails
 + Level 11.6 Armour
 - Level 1.5 Dodging


You had 10 spell levels left.
You didn't know any spells.

Dungeon Overview and Level Annotations

Branches:
Dungeon (11/15)            Temple (0/1) D:5             Orc (0/2) D:11
   Lair: D:8-11

Altars:
Ashenzari
Dithmenos
Fedhas
Kikubaaqudgha
Nemelex Xobeh
Pakellas
Qazlal
Vehumet
Xom
Zin

Shops:
D:7 (

Annotations:
D:9 Inkary's ghost, novice TrMo
D:11 Snorg


Innate Abilities, Weirdness & Mutations

You are resistant to torment.
Your stone body is resilient (AC +7).
You are immune to poison.
You resist negative energy.
You are resistant to electric shocks.
You can survive without breathing.
You are immune to petrification.
You are immune to rotting.


Message History

Snorg barely misses you. Snorg claws you but does no damage. x2
Your skin crawls.
You feel resistant to hostile enchantments.
You feel slightly more hungry.
Snorg goes berserk!
You're too exhausted to go berserk.
You slice Snorg!!
Snorg is lightly wounded.
Snorg bites you but does no damage. Snorg misses you. Snorg claws you!
You slash Snorg!
Snorg is lightly wounded.
Snorg bites you but does no damage. Snorg claws you! Snorg closely misses you.
Snorg bites you! Snorg barely misses you. Snorg claws you but does no damage.
You slice Snorg!!
Snorg is moderately wounded.
Snorg bites you!!
* * * LOW HITPOINT WARNING * * *
Snorg claws you but does no damage. Snorg claws you!
* * * LOW HITPOINT WARNING * * *
Snorg bites you!
You die...

### #.. #.# ### #.#
.....###.####
#.ZT@....######
#..##.###.#.#.#######
#. #.# #.#........†.
.. ##.###.###.##.####
## #?.........##.##
#................#
#...!............#
##.≈≈..≈≈.≈.≈....#
#..≈.≈≈≈.≈.≈≈...#


You could see Snorg (berserk) and a giant frog zombie.

Vanquished Creatures
  Gastronok (D:8)
  Nergalle (D:11)
  2 hill giants
  2 ugly things
  A troll (D:11)
  Prince Ribbit (D:5)
  A two-headed ogre (D:8)
  18 yaks
  A water elemental (D:11)
  2 hippogriffs
  A steam dragon (D:8)
  Edmund (D:6)
  2 ice beasts
  A phantom (D:4)
  A sky beast (D:8)
  6 ogres
  3 wolves (D:11)
  3 centaurs
  A big kobold (D:8)
  3 giant frogs
  A wyvern zombie (D:8)
  A scorpion (D:10)
  3 wights (D:6)
  6 howler monkeys
  4 crimson imps
  7 hounds
  2 jellies
  3 orc priests
  A giant frog skeleton (D:6)
  6 orc wizards
  Jessica (D:2)
  2 iguanas
  Ijyb (D:2)
  Terence (D:2)
  8 worker ants
  A hound zombie (D:5)
  3 hound skeletons
  A worker ant zombie (D:6)
  A howler monkey skeleton (D:4)
  10 adders
  3 shadow imps
  An adder skeleton (D:5)
  2 adder zombies (D:7)
  2 worms (D:3)
  A dart slug (D:1)
  3 giant geckos
  30 orcs
  2 ball pythons
  10 bats
  3 giant cockroaches
  8 hobgoblins
  22 jackals
  10 kobolds
  4 quokkas
  A giant gecko skeleton (D:5)
  13 giant newts
  6 goblins
  A jackal skeleton (D:6)
  6 rats
  A plant (D:6)
244 creatures vanquished.

Notes
Turn   | Place    | Note
--------------------------------------------------------------
     0 | D:1      | Inkary the Gargoyle Berserker began the quest for the Orb.
     0 | D:1      | Reached XP level 1. HP: 14/14 MP: 1/1
    49 | D:1      | Reached XP level 2. HP: 17/19 MP: 2/2
   457 | D:1      | Reached XP level 3. HP: 15/24 MP: 3/3
   664 | D:2      | Noticed Jessica
   671 | D:2      | Killed Jessica
   679 | D:2      | Reached XP level 4. HP: 18/30 MP: 4/4
   746 | D:2      | Reached ** piety under Trog
   999 | D:2      | Noticed Terence
  1045 | D:2      | Killed Terence
  1045 | D:2      | Reached XP level 5. HP: 34/34 MP: 5/5
  1143 | D:2      | Noticed Ijyb
  1154 | D:2      | Killed Ijyb
  1321 | D:2      | Found an oddly glowing altar of Pakellas.
  1438 | D:3      | Found a blossoming altar of Fedhas.
  1599 | D:3      | Reached skill level 5 in Fighting
  1689 | D:3      | Found a stormy altar of Qazlal.
  1794 | D:3      | Found an ancient bone altar of Kikubaaqudgha.
  1858 | D:3      | Reached *** piety under Trog
  1883 | D:3      | Reached XP level 6. HP: 40/40 MP: 6/6
  2604 | D:4      | Noticed a phantom
  2624 | D:4      | Killed a phantom
  2624 | D:4      | Reached skill level 1 in Axes
  2624 | D:4      | Reached skill level 5 in Armour
  2624 | D:4      | Reached XP level 7. HP: 26/45 MP: 7/7
  2875 | D:5      | Entered Level 5 of the Dungeon
  3081 | D:5      | Found a radiant altar of Vehumet.
  3099 | D:5      | Found a staircase to the Ecumenical Temple.
  3252 | D:5      | Noticed Prince Ribbit
  3273 | D:5      | Killed Prince Ribbit
  3273 | D:5      | Reached XP level 8. HP: 18/52 MP: 8/8
  3433 | D:5      | Reached **** piety under Trog
  3732 | D:6      | Found a shadowy altar of Dithmenos.
  3786 | D:6      | Noticed Edmund
  3810 | D:6      | Killed Edmund
  3838 | D:6      | Found a sparkling altar of Nemelex Xobeh.
  3838 | D:6      | Found a shadowy altar of Dithmenos.
  3840 | D:6      | Found a shimmering altar of Xom.
  4350 | D:7      | Found Baaqaz's Weapon Shop.
  4368 | D:7      | Reached XP level 9. HP: 32/59 MP: 9/9
  4409 | D:7      | You fall through a shaft for 3 floors!
  4409 | D:10     | Entered Level 10 of the Dungeon
  4444 | D:9      | You fall through a shaft for 2 floors!
  4479 | D:11     | Reached skill level 5 in Axes
  4755 | D:10     | Reached XP level 10. HP: 66/66 MP: 10/10
  4894 | D:9      | Noticed Inkary's ghost (novice TrMo)
  5117 | D:10     | Reached skill level 10 in Fighting
  5178 | D:9      | Found a shattered altar of Ashenzari.
  5411 | D:8      | Got a transparent battleaxe
  5412 | D:8      | Identified the +0 battleaxe "Cash" {holy, rN++ Stlth-} (You found it on level 8 of the Dungeon)
  5514 | D:8      | Noticed Gastronok
  5536 | D:8      | Killed Gastronok
  5536 | D:8      | Reached skill level 10 in Armour
  5536 | D:8      | Reached XP level 11. HP: 45/74 MP: 11/11
  5617 | D:8      | Found a glowing silver altar of Zin.
  5949 | D:7      | Noticed a cyan ugly thing
  5972 | D:7      | Killed a cyan ugly thing
  7648 | D:10     | Noticed a hill giant
  7664 | D:10     | Killed a hill giant
  7996 | D:11     | Noticed a hill giant
  8005 | D:11     | Killed a hill giant
  8180 | D:11     | Found a staircase to the Orcish Mines.
  8182 | D:11     | Noticed Nergalle
  8203 | D:11     | Killed Nergalle
  8243 | D:11     | Noticed a white ugly thing
  8262 | D:11     | Killed a white ugly thing
  8364 | D:11     | Noticed Snorg
  8371 | D:11     | HP: 3/76 [Snorg (11)]
  8371 | D:11     | Demolished by Snorg

Skill      XL: |  1  2  3  4  5  6  7  8  9 10 11 |
---------------+----------------------------------+-----
Fighting       | 4 5 6 7 9 11 | 11.8
Armour         | 3 4 5 6 7 9 10 11 | 11.6
Maces & Flails | 4 |  4.5
Axes           | 1 3 4 6 8 9 |  9.1
Dodging        | |  1.5

Action                   |  1- 3 |  4- 6 |  7- 9 | 10-12 || total
-------------------------+-------+-------+-------+-------++-------
Melee: Mace              |    85 |    75 |       |       ||   160
       Flail             |       |   175 |       |       ||   175
       War axe           |       |    12 |   334 |   127 ||   473
       Battleaxe         |       |       |       |   240 ||   240
Invok: Berserk           |     1 |     4 |     3 |     7 ||    15
       Trog's Hand       |       |     2 |     8 |    19 ||    29
       Burn Spellbooks   |       |       |     1 |       ||     1
Evoke: Wand              |       |       |       |     2 ||     2
  Use: Scroll            |       |     3 |       |     6 ||     9
       Potion            |       |       |       |     1 ||     1
 Stab: Sleeping          |     1 |       |       |       ||     1
       Distracted        |       |     1 |       |       ||     1
  Eat: Chunk             |       |    11 |    12 |    19 ||    42
       Meat ration       |       |     1 |       |       ||     1
       Pizza             |       |       |       |     1 ||     1
       Beef jerky        |       |       |       |     1 ||     1
Armor: Animal skin       |    21 |    33 |       |       ||    54
       Ring mail         |       |    92 |   200 |    60 ||   352
       Scale mail        |       |       |       |   229 ||   229
Dodge: Dodged            |    74 |   191 |   220 |   191 ||   676
